 Dungeon Crawl Stone Soup version 0.31-a0-609-g7bf6ffcfed (webtiles) character file.

Game seed: 8409240549102712201

217 Dittersdorf the Trooper (level 5, -1/34 HPs)
             Began as a Gargoyle Fighter on Aug 21, 2023.
             Killed from afar by Natasha (4 damage)
             ... with a puff of flame
             ... on level 3 of the Dungeon.
             The game lasted 00:02:35 (2540 turns).

Dittersdorf the Trooper (Gargoyle Fighter)          Turns: 2540, Time: 00:02:35

Health: -1/34      AC: 21    Str: 21    XL:     5   Next: 94%
Magic:  5/5        EV:  7    Int:  9    God:
Gold:   169        SH:  8    Dex:  9    Spells: 4/4 levels left

rFire   . . .        a - +0 flail
rCold   . . .        m - +0 kite shield
rNeg    + . .        q - +0 chain mail
rPois   ∞            h - +0 helmet
rElec   +            w - +0 cloak
rCorr   .            p - +0 pair of gloves
SInv    .            (no boots)
Will    .....        (no amulet) Stlth
                     k - +4 ring of protection
HPRegen 0.25/turn    (no ring)
MPRegen 0.09/turn

%: no passive effects
@: no status effects
A: sickness immunity, AC +4, negative energy resistance 1, electricity
resistance, torment resistance 1, petrification resistance
a: no special abilities


You were on level 3 of the Dungeon.
You visited 1 branch of the dungeon, and saw 3 of its levels.

You collected 169 gold pieces.

Inventory:

Hand Weapons
 a - a +0 flail (weapon)
Missiles
 c - 2 throwing nets
 e - a poisoned dart (quivered)
Armour
 h - a +0 helmet (worn)
 m - a +0 kite shield (worn)
 p - a +0 pair of gloves (worn)
 q - a +0 chain mail (worn)
 w - a +0 cloak (worn)
Jewellery
 k - a +4 ring of protection (left hand)
Scrolls
 f - 5 scrolls of identify {unknown}
 i - 2 scrolls of blinking {unknown}
 j - 4 scrolls of noise {unknown}
 l - a scroll of amnesia {unknown}
 s - a scroll of teleportation {unknown}
 t - a scroll of fog {unknown}
Potions
 b - a potion of enlightenment {unknown}
 d - a potion of might
 g - a potion of curing {unknown}
 n - a potion of haste {unknown}
 o - a potion of resistance {unknown}
 r - a potion of heal wounds {unknown}
 u - a potion of degeneration {unknown}
 v - a potion of ambrosia {unknown}


   Skills:
 + Level 4.5 Fighting
 + Level 3.4 Maces & Flails
 + Level 4.4 Armour
 + Level 4.4 Shields


You had 4 spell levels left.
You didn't know any spells.
Your spell library contained the following spells:

 Spells                   Type           Power      Damage    Failure   Level
 Magic Dart               Conj           0%         1d3       99%         1
 Call Imp                 Summ           0%         N/A       100%        2
 Mephitic Cloud           Conj/Pois/Air  0%         N/A       100%        3


Dungeon Overview and Level Annotations

Branches:
Dungeon (3/15)

Altars:

Annotations:
D:3 Natasha


Innate Abilities, Weirdness & Mutations

You are immune to sickness and miasma.
Your stone body is resilient. (AC +4)
You are immune to poison.
You resist negative energy. (rN+)
You are resistant to electric shocks. (rElec)
You are resistant to unholy torment.
You are immune to petrification.


Message History

Natasha is moderately wounded.
You feel yourself speed up. You block Natasha's attack.
Natasha barely misses you.
You closely miss Natasha.
Natasha is moderately wounded.
You block Natasha's attack.
You closely miss Natasha.
Natasha is moderately wounded.
Natasha closely misses you. Natasha barely misses you.
Throw: 4 darts (poison)
Press: ? - help, Q - select action, (/) - cycle Shift-Dir - straight line, f - Natasha
Aim: Natasha, carrying a wand of flame (moderately wounded, 43% to hit)
You throw a poisoned dart.
The poisoned dart closely misses Natasha.
Natasha claws you.
* * * LOW HITPOINT WARNING * * *
Throw: 3 darts (poison)
Press: ? - help, Q - select action, (/) - cycle Shift-Dir - straight line, f/p - Natasha
Aim: Natasha, carrying a wand of flame (moderately wounded, 43% to hit)
You throw a poisoned dart. The poisoned dart hits Natasha.
Natasha is poisoned.
Natasha is moderately wounded.
Natasha zaps a wand.
The puff of flame misses you.
Throw: 2 darts (poison)
Press: ? - help, Q - select action, (/) - cycle Shift-Dir - straight line, f/p - Natasha
Aim: Natasha, carrying a wand of flame (moderately wounded, poisoned, 43% to hit)
You throw a poisoned dart.
The poisoned dart barely misses Natasha.
Natasha zaps a wand.
The puff of flame hits you but does no damage.
You barely miss Natasha.
Natasha is heavily wounded.
Natasha stares at you and mumbles some strange words.
The magic dart hits you but does no damage.
You hit Natasha but do no damage.
Natasha is heavily wounded.
Natasha zaps a wand.
The puff of flame hits you!
* * * LOW HITPOINT WARNING * * *
Natasha zaps a wand.
The puff of flame hits you.
You die...
Natasha begins licking her fur clean.

*,*,,,,* #...........
*,'†,,,* #...........
***,,,,* ####...........
*,,,,* #..............
*,,,,****** #..##..........
*,,,,,†,,,**
####.#............
*,,,,†),,,,*
#....#............
*,,,,,,,,⌠,*
#.......##.#######
***,,,,,,),**#@..##.#...#**
*,,,,).)...h..#...#....,*
*,,,,.....###.#......##.*
*,,,,####,*,....###.#.,,***
* *,,,,*
*,,..##.#,,.#,,,,,* *
******
**,,.#,,.#,,,,,,**,***
*,,,,*,,,.),**,*,,,**,
*,,,,,,,*#.*,,,*,***,,
*,,,**,*,,,*,,,,,,,,,*


You could see Natasha (poisoned).

Vanquished Creatures
  Crazy Yiuf (D:3)
  Jessica (D:3)
  Natasha (twice) (D:3)
  4 adders
  A worm (D:2)
  4 dart slugs (D:1)
  4 orcs (D:3)
  5 ball pythons
  3 endoplasms
  3 giant cockroaches
  4 goblins
  4 hobgoblins
  7 jackals (D:3)
  4 kobolds
  4 quokkas
  7 bats
  A frilled lizard (D:3)
  3 rats
62 creatures vanquished.

Notes
Turn   | Place    | Note
-------+----------+-------------------------------------------
     0 | D:1      | Dittersdorf the Gargoyle Fighter began the quest for the
                  | Orb.
     0 | D:1      | Reached XP level 1. HP: 14/14 MP: 1/1
   128 | D:1      | Reached XP level 2. HP: 19/19 MP: 2/2
   572 | D:1      | Reached XP level 3. HP: 23/23 MP: 3/3
  1503 | D:3      | Noticed Jessica
  1504 | D:3      | Reached XP level 4. HP: 29/29 MP: 4/4
  1511 | D:3      | Killed Jessica
  1846 | D:3      | Reached XP level 5. HP: 21/33 MP: 5/5
  1981 | D:3      | Found a runed translucent door.
  1982 | D:3      | Noticed Crazy Yiuf
  2025 | D:3      | Noticed Natasha
  2034 | D:3      | Killed Natasha
  2107 | D:3      | Noticed Natasha
  2116 | D:3      | Killed Natasha
  2328 | D:3      | Killed Crazy Yiuf
  2514 | D:3      | Noticed Natasha
  2540 | D:3      | Killed from afar by Natasha

Illustrated notes

Levels and vault maps discovered:
D:1:      wander_arrival_estate, layout_loops_corners, chequers_arboretum,
          minmay_misc_feat_roman
D:2:      layout_rooms
D:3:      layout_basic, chequers_serial_rivers_micro_d,
          hangedman_feature_mirror, hangedman_decor_points, grunt_ministairs_5,
          saegor_snake_ambush, uniq_natasha, uniq_crazy_yiuf_cottage,
          uniq_jessica

Skill      XL: |  1  2  3  4 |
---------------+-------------+-----
Fighting       | 4 |  4.5
Armour         | 4 |  4.4
Shields        | 4 |  4.4
Maces & Flails | 3 |  3.4

Action                     |  1- 3 |  4- 6 || total
---------------------------+-------+-------++-------
  Melee: Flail             |   105 |   148 ||   253
  Throw: Dart              |       |     7 ||     7
 Armour: Scale mail        |    66 |       ||    66
         Chain mail        |     4 |   169 ||   173
  Dodge: Dodged            |    52 |    75 ||   127
  Block: Buckler           |    13 |       ||    13
         Kite shield       |    18 |   100 ||   118

Table legend: (Time is in decaauts)
 A = Elapsed time spent in this place.
 B = Non-inter-level travel time spent in this place.
 C = Inter-level travel time spent in this place.
 D = Time resting spent in this place.
 E = Time spent auto-exploring this place.
 F = Levels seen in this place.
 G = Mean time per level.
                   A        B        C        D        E       F      G
               +--------+--------+--------+--------+--------+-----+--------+
         Total |   2662 |   2561 |    101 |     79 |   1869 |   3 |  887.3 |
       Dungeon |   2662 |   2561 |    101 |     79 |   1869 |   3 |  887.3 |
               +--------+--------+--------+--------+--------+-----+--------+

Top non-repeatable levels by time:
     D:3: 1195 daAuts
     D:1: 1003 daAuts
     D:2: 463 daAuts
